 Dungeon Crawl Stone Soup version 0.28-a0-194-g42b4daccc1 (webtiles) character file.

Game seed: 6434293062791377634

100 timneilson the Covered (level 4, -10/29 HPs)
             Began as a Gargoyle Fighter on Aug 18, 2021.
             Killed by divine providence
             ... invoked by an orc priest
              (14 damage)
             ... on level 3 of the Dungeon.
             The game lasted 00:01:55 (1511 turns).

timneilson the Covered (Gargoyle Fighter)           Turns: 1511, Time: 00:01:56

Health: -10/29     AC: 10    Str: 20    XL:     4   Next: 74%
Magic:  4/4        EV:  7    Int:  9    God:
Gold:   39         SH:  9    Dex:  9    Spells: 3/3 levels left

rFire   . . .      SeeInvis .   a - +1 long sword (freeze)
rCold   . . .      Faith    .   c - +1 kite shield
rNeg    + . .      Spirit   .   b - +0 scale mail
rPois   ∞          Reflect  .   (no helmet)
rElec   +          Harm     .   (no cloak)
rCorr   .          Rampage  .   (no gloves)
Will    .....                   (no boots)
Stlth   ..........              (no amulet)
HPRegen 0.09/turn               (no ring)
MPRegen 0.09/turn               (no ring)

@: no status effects
A: sickness immunity, AC +3, negative energy resistance 1, electricity
resistance, torment resistance 1, petrification resistance
a: no special abilities


You were on level 3 of the Dungeon.
You visited 1 branch of the dungeon, and saw 3 of its levels.

You collected 39 gold pieces.

Inventory:

Hand Weapons
 a - a +1 long sword of freezing (weapon)
Armour
 b - a +0 scale mail (worn)
 c - a +1 kite shield (worn)
Scrolls
 e - a scroll of magic mapping
Potions
 d - a potion of might
 g - 2 potions of curing
 h - a potion of flight
 k - a potion of heal wounds {unknown}


   Skills:
 + Level 3.7 Fighting
 * Level 2.7 Long Blades
 * Level 4.1 Armour
 * Level 4.1 Shields


You had 3 spell levels left.
You didn't know any spells.
Your spell library contained the following spells:

 Spells                   Type           Power      Damage    Failure   Level
 Magic Dart               Conj           0%         1d3       99%         1
 Call Imp                 Summ           0%         N/A       100%        2
 Call Canine Familiar     Summ           0%         N/A       100%        3
 Mephitic Cloud           Conj/Pois/Air  0%         N/A       100%        3
 Portal Projectile        Hex/Tloc       0%         N/A       100%        3
 Leda's Liquefaction      Hex/Erth       0%         N/A       100%        4


Dungeon Overview and Level Annotations

Branches:
Dungeon (3/15)

Altars:


Innate Abilities, Weirdness & Mutations

You are immune to sickness and miasma.
Your stone body is resilient. (AC +3)
You are immune to poison.
You resist negative energy. (rN+)
You are resistant to electric shocks. (rElec)
You are resistant to unholy torment.
You are immune to petrification.


Message History

You climb downwards. 2 orcs and an orc priest come into view.
The orc priest shouts!
The orc shouts! x2
Found a scroll labelled EZEEDY DIROODA.
Found a stone staircase leading down.
There is a stone staircase leading up here.
The orc priest looks satisfied for a moment.
An orc comes into view. It is wielding a +0 dagger.
An orc priest comes into view. It is wielding a +0 hand axe.
Found a stone staircase leading up.
The orc priest shouts!
You slash the orc priest! You freeze the orc priest.
The orc priest is almost dead.
The orc hits you with a +0 club.
The orc priest miscasts a cantrip.
You slash the orc! You freeze the orc.
You kill the orc!
You block the orc's attack. The orc hits you but does no damage.
You block the orc's attack.
You hit the orc priest. You freeze the orc priest.
You kill the orc priest!
You block the orc's attack. The orc hits you with a +0 club.
The orc priest looks braver for a moment.
The orc hits you with a +0 club. You block the orc's attack.
The orc priest looks satisfied for a moment.
The orc hits you with a +0 club.
Things that are here:
a +0 dagger; a +0 leather armour; a +0 dagger Unknown command.
You barely miss the orc priest. The orc hits you but does no damage.
The orc priest calls down the wrath of Beogh upon you.
Beogh smites you!
Ouch! That really hurt!
* * * LOW HITPOINT WARNING * * *
The orc completely misses you.
You riposte.
You slash the orc! You freeze the orc.
You kill the orc!
The orc priest calls down the wrath of Beogh upon you.
Beogh smites you!
You die...

###.≈≈≈≈.....
......≈≈≈≈≈
#.........###
#...........
#.........#
#...>#.#.# #
#<#...##.#.#
#...)o.....#
#?#..@o..#
#.#.###......
#.#.# .....
#.#.# ..<#
#.#.# ###
#.#.# #.#.#
#.#


You could see an orc priest and an orc.

Vanquished Creatures
  An orc priest (D:3)
  3 adders (D:2)
  A dart slug (D:1)
  2 orcs (D:3)
  5 bats
  4 endoplasms
  A giant cockroach (D:2)
  4 goblins
  3 hobgoblins (D:1)
  4 kobolds
  8 ball pythons
  2 frilled lizards (D:1)
  3 rats
41 creatures vanquished.

Notes
Turn   | Place    | Note
-------+----------+-------------------------------------------
     0 | D:1      | timneilson the Gargoyle Fighter began the quest for the
                  | Orb.
     0 | D:1      | Reached XP level 1. HP: 14/14 MP: 1/1
   154 | D:1      | Reached XP level 2. HP: 18/19 MP: 2/2
   209 | D:1      | Found a faded altar of an unknown god.
   579 | D:1      | Reached XP level 3. HP: 23/23 MP: 3/3
  1175 | D:2      | Reached XP level 4. HP: 27/28 MP: 4/4
  1511 | D:3      | Killed from afar by an orc priest

Illustrated notes

Levels and vault maps discovered:
D:1:      lemuel_arrival_hallway, layout_basic,
          hellmonk_ecumenical_altar_crossroads, minmay_misc_feat_more_columns,
          minmay_unequal
D:2:      layout_basic
D:3:      layout_basic, nicolae_gozag_zags_fifth_avenue,
          gammafunk_temple_overflow_wave, minmay_close_crescents,
          uniq_crazy_yiuf_cottage

Skill      XL: |  1  2  3  4 |
---------------+-------------+-----
Long Blades    | 2 |  2.7
Armour         | 4 |  4.1
Shields        | 4 |  4.1
Fighting       | |  3.7

Action                   |  1- 3 |  4- 6 || total
-------------------------+-------+-------++-------
Melee: Long sword        |    77 |    12 ||    89
  Use: Scroll            |     6 |     3 ||     9
Armor: Scale mail        |    61 |     7 ||    68
Dodge: Dodged            |    23 |     3 ||    26
Block: Kite shield       |    34 |     7 ||    41
       Rpst.: Long sword |     8 |     2 ||    10

Table legend: (Time is in decaauts)
 A = Elapsed time spent in this place.
 B = Non-inter-level travel time spent in this place.
 C = Inter-level travel time spent in this place.
 D = Time resting spent in this place.
 E = Time spent auto-exploring this place.
 F = Levels seen in this place.
 G = Mean time per level.
                   A        B        C        D        E       F      G
               +--------+--------+--------+--------+--------+-----+--------+
         Total |   1556 |   1545 |     11 |      0 |   1298 |   3 |  518.7 |
       Dungeon |   1556 |   1545 |     11 |      0 |   1298 |   3 |  518.7 |
               +--------+--------+--------+--------+--------+-----+--------+

Top non-repeatable levels by time:
     D:1: 803 daAuts
     D:2: 743 daAuts
     D:3: 9 daAuts
